[Event "Titled Tuesday Blitz September 20 Late 2022"]
[White "Lenderman, Aleksandr"]
[Black "Rasulov, Vugar"]
[WhiteFideId "2021285"]
[BlackFideId "13402390"]
[WhiteElo "2607"]
[BlackElo "2509"]
[Result "1-0"]
[Round "11"]
[TimeControl "180+1"]
[Date "2022.09.20"]
[WhiteClock "0:00:03"]
[BlackClock "0:00:05"]

1. d4 Nf6 2. c4 e6 3. Nf3 d5 4. e3 c5 5. cxd5 exd5 6. Bb5+ Nc6 7. O-O Bg4 8. h3 Bxf3 9. Qxf3 cxd4 10. exd4 Be7 11. Be3 O-O 12. Bxc6 bxc6 13. Rc1 Qb6 14. Rc2 Ne4 15. Nd2 f5 16. Nxe4 dxe4 17. Qf4 Qb5 18. Qe5 Kf7 19. Rac1 Bf6 20. Qc7+ Kg8 21. Qxc6 Qxc6 22. Rxc6 a5 23. R1c5 g6 24. Rb5 a4 25. g4 Bg7 26. gxf5 gxf5 27. Rc7 a3 28. b3 Ra6 29. d5 f4 30. Bc5 Re8 31. d6 Rd8 32. d7 Kf7 33. Rb8 Bf6 34. Rxd8 Bxd8 35. Rc8 Rg6+ 36. Kf1 Rg8 37. Bxa3 Ke6 38. Rc4 e3 39. Rxf4 Kxd7 40. Rd4+ Kc6 41. fxe3 Bb6 42. Rd6+ Kb7 43. Rh6 Bxe3 44. Rxh7+ Kc6 45. Ke2 Bb6 46. Kf3 Ra8 47. Be7 Rxa2 48. b4 Kd5 49. Kg4 Ke4 50. Bc5 Rg2+ 51. Kh5 Bd8 52. Rd7 Bf6 53. Rf7 Bd8 54. Be7 Bc7 55. Bg5 Be5 56. h4 Rb2 57. Rb7 Kf5 58. b5 Rb4 59. Rf7+ Ke6 60. Re7+ Kf5 61. Rb7 Bd4 62. Rb8 Be5 63. Rf8+ Ke6 64. Re8+ Kf5 65. Rf8+ Ke6 66. Kg6 Rxb5 67. Re8+ Kd7 68. Re7+ Kd6 69. h5 Bd4 70. Re8 Rb3 71. Rd8+ Kc5 72. h6 Rg3 73. Rxd4 Kxd4 74. h7 Rh3 75. Bh6 Rg3+ 76. Kf6 Rf3+ 77. Ke6 1-0


[Site "https://www.chess.com"]

[Event "Titled Tuesday Blitz September 20 Late 2022"]
[White "Makaraci, Tunahan"]
[Black "Gascon Del Nogal, Jose Rafael"]
[WhiteFideId "6356559"]
[BlackFideId "3902463"]
[WhiteElo "2003"]
[BlackElo "2473"]
[Result "1-0"]
[Round "11"]
[TimeControl "180+1"]
[Date "2022.09.20"]
[WhiteClock "0:00:14"]
[BlackClock "0:00:01"]

1. e4 c5 2. Nf3 Nc6 3. c3 Nf6 4. e5 Nd5 5. d4 cxd4 6. cxd4 d6 7. Bc4 Nb6 8. Bb3 dxe5 9. d5 Na5 10. Nc3 Nxb3 11. Qxb3 e6 12. Nxe5 Bd6 13. Nf3 O-O 14. O-O exd5 15. Be3 Be6 16. Nd4 Nc4 17. Rad1 Qh4 18. g3 Qh3 19. Nxe6 fxe6 20. Ne2 Rf5 21. f4 Rh5 22. Rf2 Nxe3 23. Qxe3 Bc7 24. Nd4 Bb6 25. a4 Re8 26. b4 e5 27. a5 Bxd4 28. Rxd4 Qd7 29. Rd1 exf4 30. Qxf4 Rhe5 31. h4 h6 32. Kg2 Re2 33. Rd2 Rxf2+ 34. Rxf2 Qe6 35. Rd2 a6 36. Qd4 Rd8 37. Qf4 Rf8 38. Qd4 Rf5 39. Qd3 Qe4+ 40. Qxe4 dxe4 41. Re2 Re5 42. Kf2 Kf7 43. Ke3 Ke6 44. Rd2 Rb5 45. Rd4 Kf5 46. Rxe4 Re5 47. g4+ Kf6 48. Kf4 g5+ 49. hxg5+ hxg5+ 50. Ke3 Rb5 51. Rd4 Re5+ 52. Kd3 Rb5 53. Kc4 Ke6 54. Re4+ Kd6 55. Re8 1-0


[Site "https://www.chess.com"]

[Event "Titled Tuesday Blitz September 20 Late 2022"]
[White "Martinez Alcantara, Jose Eduardo"]
[Black "Timmermans, Mark"]
[WhiteFideId "3805662"]
[BlackFideId "1026399"]
[WhiteElo "2976"]
[BlackElo "2762"]
[Result "0-1"]
[Round "11"]
[TimeControl "180+1"]
[Date "2022.09.20"]
[WhiteClock "0:02:20"]
[BlackClock "0:00:04"]

1. a4 h5 2. a5 h4 3. h3 a6 4. Nf3 Nc6 5. d4 d5 6. e3 Bf5 7. Be2 e6 8. O-O Bd6 9. c4 Nf6 10. Nc3 Ne4 11. cxd5 Nxc3 12. bxc3 exd5 13. c4 Be6 14. Rb1 dxc4 15. e4 Nxa5 16. d5 Bd7 17. e5 Be7 18. Bd2 Nb3 19. Bc3 b5 20. e6 O-O 21. exd7 Qxd7 22. Ne5 Qf5 23. Bg4 Qf4 24. Nd7 Bd6 25. g3 hxg3 26. Qf3 Qxf3 27. Bxf3 Rfe8 28. Rbe1 b4 29. Be5 Nd2 30. Bg4 Nxf1 31. Kxf1 Bxe5 32. Nxe5 f6 33. Nxc4 g2+ 34. Kxg2 Rxe1 35. Na5 Rb8 36. Nc6 Rb6 37. Nd4 b3 38. d6 cxd6 39. Nf3 Rc1 40. Bf5 b2 41. Be4 b1=Q 42. Bd5+ Kf8 43. Nd4 Qg6+ 44. Kf3 Rc3+ 45. Ke2 Rb2+ 46. Kf1 Rc1# 0-1


[Site "https://www.chess.com"]

[Event "Titled Tuesday Blitz September 20 Late 2022"]
[White "Maze, Sebastien"]
[Black "Gurevich, Dmitry"]
[WhiteFideId "613762"]
[BlackFideId "2000407"]
[WhiteElo "2430"]
[BlackElo "2506"]
[Result "1-0"]
[Round "11"]
[TimeControl "180+1"]
[Date "2022.09.20"]
[WhiteClock "0:00:06"]
[BlackClock "0:00:03"]

1. g4 d5 2. Bg2 Bxg4 3. c4 c6 4. Qb3 Nf6 5. Qxb7 Nbd7 6. Qxc6 Rc8 7. Qb5 Rxc4 8. Nc3 e6 9. d3 Rb4 10. Qa6 Bc5 11. a3 Rb6 12. Qa4 O-O 13. d4 Bd6 14. Nf3 Qb8 15. h3 Bf5 16. Nh4 Bg6 17. Nxg6 hxg6 18. O-O Rc8 19. e3 Rb7 20. Qd1 Nb6 21. e4 dxe4 22. Nxe4 Nxe4 23. Bxe4 Rd7 24. b4 Bf4 25. Qf3 Bxc1 26. Raxc1 Rxd4 27. Bc6 Rcd8 28. Rc3 Qe5 29. b5 Nc4 30. Rfc1 Nd2 31. Qg3 Qf6 32. Bg2 g5 33. Rc8 Kh7 34. Rxd8 Rxd8 35. a4 Rd4 36. a5 Rb4 37. Qd3+ g6 38. Qxd2 Rxb5 39. a6 Rb2 40. Qe3 Ra2 41. Qxa7 Qb2 42. Qe3 Rxa6 43. Re1 Ra5 44. h4 gxh4 45. Qf4 Rf5 46. Qxh4+ Kg7 47. Qg3 g5 48. Qe3 Rf4 49. Qe2 Qxe2 50. Rxe2 Kf6 51. Re3 g4 52. Bf1 e5 53. Bd3 Ke6 54. Bc2 f5 55. Bb3+ Kd6 56. Rd3+ Kc5 57. Rd5+ Kb4 58. Bc2 e4 59. Bd1 Kc3 60. Kg2 e3 61. fxe3 Re4 62. Kf2 g3+ 63. Kf3 g2 64. Kxg2 Rxe3 65. Rxf5 Rd3 66. Bf3 Rd2+ 67. Kg3 Rd3 68. Kf4 Rd4+ 69. Be4 Kd2 70. Rc5 Rd6 71. Rc2+ Kd1 72. Ke3 Re6 73. Rb2 1-0


[Site "https://www.chess.com"]

[Event "Titled Tuesday Blitz September 20 Late 2022"]
[White "Melikyan, Gnel"]
[Black "Fiorito, Joaquin"]
[WhiteFideId "54109990"]
[BlackFideId "180173"]
[WhiteElo "1772"]
[BlackElo "1758"]
[Result "1-0"]
[Round "11"]
[TimeControl "180+1"]
[Date "2022.09.20"]
[WhiteClock "0:01:48"]
[BlackClock "0:01:32"]

1. e4 c6 2. Nc3 d5 3. Nf3 Bg4 4. h3 Bxf3 5. Qxf3 Nf6 6. b3 e6 7. Bb2 Be7 8. O-O-O a5 9. a4 Na6 10. g4 Nb4 11. Kb1 d4 12. Na2 Nxa2 13. Kxa2 b5 14. g5 Nd7 15. Bxd4 bxa4 16. bxa4 Nc5 17. Qc3 Nd7 18. f4 Bb4 19. Qc4 O-O 20. c3 Be7 21. Rb1 e5 22. fxe5 c5 23. Be3 Nxe5 24. Qd5 Qc7 25. Rb7 Qc6 26. Qxc6 Nxc6 27. Bb5 1-0


[Site "https://www.chess.com"]

[Event "Titled Tuesday Blitz September 20 Late 2022"]
[White "Mihajlov, Sebastian"]
[Black "Yanchenko, Roman"]
[WhiteFideId "1512110"]
[BlackFideId "4137329"]
[WhiteElo "2587"]
[BlackElo "2802"]
[Result "0-1"]
[Round "11"]
[TimeControl "180+1"]
[Date "2022.09.20"]
[WhiteClock "0:01:03"]
[BlackClock "0:01:59"]

1. e4 e6 2. d4 d5 3. Nc3 Bb4 4. e5 Ne7 5. a3 Bxc3+ 6. bxc3 b6 7. h4 Ba6 8. h5 Bxf1 9. Kxf1 h6 10. Qg4 Kf8 11. Rh3 c5 12. Rf3 Kg8 13. Nh3 Nbc6 14. Be3 cxd4 15. cxd4 Rc8 16. Nf4 Qd7 17. Ne2 Na5 18. Qf4 Qe8 19. c3 Rc4 20. g4 Ra4 21. Ng3 Nc4 22. Bc1 Na5 23. Be3 Rc4 24. g5 hxg5 25. Qxg5 Rxc3 26. h6 Rxh6 27. Nh5 Rg6 28. Qh4 Qb5+ 29. Ke1 Rg1+ 30. Kd2 Qd3# 0-1


[Site "https://www.chess.com"]

[Event "Titled Tuesday Blitz September 20 Late 2022"]
[White "Mladek, Richard"]
[Black "Graif, William"]
[WhiteFideId "386588"]
[BlackFideId "2609835"]
[WhiteElo "2263"]
[BlackElo "1942"]
[Result "1-0"]
[Round "11"]
[TimeControl "180+1"]
[Date "2022.09.20"]
[WhiteClock "0:01:30"]
[BlackClock "0:00:20"]

1. e4 e5 2. f4 d5 3. exd5 c6 4. Nc3 cxd5 5. fxe5 d4 6. Ne4 Qd5 7. Bd3 Bf5 8. Qe2 Nc6 9. Nf3 Bg6 10. Nd6+ Bxd6 11. exd6+ Kd7 12. O-O Nf6 13. Bc4 Qxd6 14. d3 Rae8 15. Qf2 Ng4 16. Qh4 Ne3 17. Bxe3 dxe3 18. Rae1 Kc8 19. Re2 Re7 20. Rfe1 Rhe8 21. a3 f5 22. c3 f4 23. Qg4+ Kb8 24. Nh4 Bxd3 25. Bxd3 Qxd3 26. Qxf4+ Ka8 27. Nf5 Re4 28. Qg3 g6 29. Nd6 R4e6 30. Nxe8 Rxe8 31. Rxe3 Rxe3 32. Qxe3 Qd8 33. Qe8 Kb8 34. Qxd8+ Nxd8 35. Re8 Kc7 36. Re7+ Kc8 37. Rxh7 a6 38. Rh8 Kd7 39. Rxd8+ Kxd8 40. Kf2 Ke7 41. Ke3 Ke6 42. Kd4 Kd6 43. g4 g5 44. c4 Ke6 45. b4 Kd6 46. c5+ Ke6 47. a4 Kf6 48. b5 axb5 49. axb5 Ke6 50. Ke4 Kf6 51. c6 bxc6 52. bxc6 Ke7 53. c7 Kd7 54. c8=Q+ Kxc8 55. Kf5 Kd7 56. Kxg5 Ke7 57. Kh6 Kf7 58. Kh7 Kf6 59. h4 Ke5 60. g5 Kf5 61. g6 Kg4 62. g7 Kh3 63. g8=Q Kh2 64. Kg7 Kh1 65. Kf7 Kh2 66. h5 Kh3 67. h6 Kh2 68. h7 Kh1 69. h8=Q# 1-0


[Site "https://www.chess.com"]

[Event "Titled Tuesday Blitz September 20 Late 2022"]
[White "Moore, Nicholas"]
[Black "Dimitrov, Atanas"]
[WhiteFideId "4303709"]
[BlackFideId "2901315"]
[WhiteElo "2426"]
[BlackElo "2649"]
[Result "1-0"]
[Round "11"]
[TimeControl "180+1"]
[Date "2022.09.20"]
[WhiteClock "0:00:01"]
[BlackClock "0:00:01"]

1. d4 Nf6 2. c4 g6 3. Nc3 d5 4. Nf3 Bg7 5. Qb3 dxc4 6. Qxc4 O-O 7. e4 a6 8. e5 Ne8 9. Be3 b5 10. Qb3 Nc6 11. Rd1 e6 12. h4 h5 13. Bd3 Bb7 14. O-O Ne7 15. Ne4 Bd5 16. Qc2 Nf5 17. Bg5 Qc8 18. Rc1 Qb7 19. Nc5 Qc6 20. Be4 f6 21. exf6 Nxf6 22. Bxd5 Qxd5 23. Rfe1 Rfe8 24. Re5 Qd6 25. Nb7 Qd7 26. Nc5 Qf7 27. Re2 Nd5 28. Qd2 Nd6 29. b3 b4 30. Rce1 Nc3 31. Rxe6 Rxe6 32. Nxe6 Bh8 33. Nf4 Nde4 34. Qe3 Re8 35. Ne5 Bxe5 36. dxe5 Qf5 37. e6 Nd6 38. e7 Kf7 39. Qd4 a5 40. Re6 Nce4 41. Rxg6 Rg8 42. Rxg8 Kxg8 43. Qa7 Kf7 44. Qxc7 Nxg5 45. Qxd6 Ne4 46. Qd8 Qb5 47. Qf8# 1-0


[Site "https://www.chess.com"]

[Event "Titled Tuesday Blitz September 20 Late 2022"]
[White "Moral Garcia, Serafin"]
[Black "Gomez Ledo, Roberto Carlos"]
[WhiteFideId "2201925"]
[BlackFideId "3507076"]
[WhiteElo "2259"]
[BlackElo "2379"]
[Result "0-1"]
[Round "11"]
[TimeControl "180+1"]
[Date "2022.09.20"]
[WhiteClock "0:01:06"]
[BlackClock "0:01:49"]

1. e4 e5 2. Nf3 Nc6 3. Bb5 a6 4. Bxc6 dxc6 5. O-O Ne7 6. Nxe5 Qd4 7. Qh5 g6 8. Nf3 Qxe4 9. Qa5 Bg4 10. Re1 Qf5 11. Qc3 Bxf3 12. gxf3 Rg8 13. Na3 O-O-O 14. Nc4 Nd5 15. Qb3 Nf4 16. Kh1 Qh3 17. Rg1 Rd3 0-1


[Site "https://www.chess.com"]

[Event "Titled Tuesday Blitz September 20 Late 2022"]
[White "Munoz Sanchez, Miguel"]
[Black "Tanenbaum, Zachary"]
[WhiteFideId "3600734"]
[BlackFideId "2060850"]
[WhiteElo "2420"]
[BlackElo "2750"]
[Result "1-0"]
[Round "11"]
[TimeControl "180+1"]
[Date "2022.09.20"]
[WhiteClock "0:00:15"]
[BlackClock "0:00:02"]

1. Nf3 d5 2. d4 Nf6 3. g3 Bf5 4. Bg2 c6 5. O-O e6 6. c4 Nbd7 7. cxd5 exd5 8. Nc3 Be7 9. Bf4 O-O 10. Ne5 Nxe5 11. dxe5 Nd7 12. e4 dxe4 13. Nxe4 Qb6 14. Qe2 Rfe8 15. Rfe1 Bb4 16. Nc3 Qa5 17. Qc4 Nc5 18. a3 Bxc3 19. Qxc3 Qxc3 20. bxc3 Nd3 21. Re3 Nxf4 22. gxf4 Rad8 23. Rae1 Rd2 24. c4 Rc2 25. Rb3 Bc8 26. Bf1 Rd8 27. f5 Bxf5 28. Rxb7 g5 29. Rxa7 Rdd2 30. Rc7 Rxf2 31. Rxc6 Rxh2 32. Rf6 Be6 33. a4 Rhd2 34. a5 Rd4 35. Rf2 Rg4+ 36. Rg2 Rcxg2+ 37. Bxg2 Bxc4 38. Kf2 Ba6 39. e6 fxe6 40. Rxe6 Bc4 41. Rb6 Rf4+ 42. Ke3 Rf5 43. a6 Ra5 44. Bb7 Kg7 45. Kf3 h5 46. Rc6 Ra3+ 47. Kf2 Bd5 48. Rc7+ Kf6 49. Bxd5 Rxa6 50. Bf3 g4 51. Be2 Kg5 52. Rg7+ Kf6 53. Rh7 Ra5 54. Kg3 Kg5 55. Rg7+ Kf6 56. Rb7 Kg5 57. Rg7+ Kh6 58. Rg8 Ra3+ 59. Kf2 Kh7 60. Rb8 Kg6 61. Rb5 Ra4 62. Kg3 Kh6 63. Kh4 g3+ 64. Kxg3 h4+ 65. Kh3 Re4 66. Bg4 Rd4 67. Kxh4 Rd6 68. Rc5 Kg7 69. Kg5 Rf6 70. Bf5 Rf7 71. Rc6 Re7 72. Rg6+ Kf7 73. Rh6 Kg7 74. Rh2 Kf7 75. Bg6+ Kg7 76. Rh7+ Kf8 77. Rh8+ Kg7 78. Ra8 Re5+ 79. Bf5 Re7 80. Ra6 Kf7 81. Rd6 Kg7 82. Be6 Re8 83. Rd7+ Kh8 84. Bf5 Rf8 85. Bg6 Rg8 86. Rh7# 1-0


[Site "https://www.chess.com"]

[Event "Titled Tuesday Blitz September 20 Late 2022"]
[White "Musovic, Armin"]
[Black "Rosen, Eric"]
[WhiteFideId "939935"]
[BlackFideId "2032562"]
[WhiteElo "2255"]
[BlackElo "2362"]
[Result "0-1"]
[Round "11"]
[TimeControl "180+1"]
[Date "2022.09.20"]
[WhiteClock "0:00:07"]
[BlackClock "0:00:25"]

1. a3 d5 2. Nc3 d4 3. Ne4 Nf6 4. d3 Nxe4 5. dxe4 e5 6. Nf3 Bd6 7. e3 c5 8. exd4 exd4 9. e5 Qe7 10. Qe2 Bc7 11. Bg5 Qe6 12. Bf4 Nc6 13. Qc4 Ba5+ 14. Kd1 Bb6 15. Qxe6+ Bxe6 16. b3 h6 17. h4 Bc7 18. Kc1 f6 19. Bb5 Bd5 20. Re1 O-O 21. Bxc6 Bxc6 22. Bg3 Bxf3 23. gxf3 fxe5 24. Re4 Rxf3 25. Kb2 Re8 26. Rae1 b6 27. R1e2 Kf7 28. a4 Re6 29. Kc1 Rf5 30. Kd2 a6 31. Kd3 Kf6 32. Kd2 b5 33. axb5 axb5 34. Kd3 Bd6 35. Kd2 c4 36. Re1 Bb4+ 37. Kd1 Bxe1 38. Kxe1 Ra6 39. Kd2 Ra1 40. bxc4 bxc4 41. f4 c3+ 42. Kd3 Rd1+ 43. Kc4 exf4 44. Bxf4 d3 45. cxd3 c2 46. Be3 c1=Q+ 47. Bxc1 Rxc1+ 48. Kd4 Rcf1 49. Re8 R1f4+ 50. Kc3 Rxh4 51. d4 Rf3+ 52. Kc4 Rff4 53. Kc5 Rxd4 54. Rf8+ Ke7 55. Rf1 Rde4 56. Rg1 Rhg4 57. Ra1 Re5+ 58. Kc6 Rg6+ 59. Kc7 Rge6 60. Ra8 Rc5+ 61. Kb7 Re1 62. Kb6 Rc2 63. Ra7+ Kd6 64. Ra5 Rb1+ 65. Rb5 Rxb5+ 66. Kxb5 Kd5 67. Ka4 Rb2 0-1


[Site "https://www.chess.com"]

[Event "Titled Tuesday Blitz September 20 Late 2022"]
[White "Naroditsky, Daniel"]
[Black "Muradli, Mahammad"]
[WhiteFideId "2026961"]
[BlackFideId "13409301"]
[WhiteElo "3118"]
[BlackElo "2908"]
[Result "1/2-1/2"]
[Round "11"]
[TimeControl "180+1"]
[Date "2022.09.20"]
[WhiteClock "0:00:08"]
[BlackClock "0:00:04"]

1. e4 c5 2. Nf3 d6 3. Bb5+ Bd7 4. c4 Nf6 5. Nc3 Nc6 6. O-O g6 7. d4 cxd4 8. Nxd4 Bg7 9. Bxc6 bxc6 10. c5 O-O 11. cxd6 exd6 12. Bf4 Re8 13. Re1 d5 14. exd5 Nxd5 15. Nxd5 cxd5 16. Qd2 Qb6 17. Be3 Qa6 18. Nb3 Bb5 19. Bd4 Rxe1+ 20. Rxe1 Qxa2 21. Bxg7 Kxg7 22. Qc3+ Kg8 23. Ra1 d4 24. Qb4 Qxb2 25. Qxb5 a5 26. Rd1 a4 27. Nxd4 a3 28. h4 Rd8 29. Qxb2 axb2 30. Rb1 Rxd4 31. Rxb2 Rxh4 32. Rb8+ Kg7 33. g3 Rd4 34. Kg2 Rd6 35. Rb7 Re6 36. Rb5 h5 37. Rc5 Rf6 38. Rb5 Re6 39. Rc5 Kf6 40. Rb5 Re5 41. Rb7 Re7 42. Rb5 g5 43. Rb6+ Re6 44. Rb4 Kg6 45. Rb5 f6 46. Rc5 Re5 47. Rc8 Kf5 48. Rc4 Rd5 49. Rb4 Rc5 50. Rd4 g4 51. Rd8 Rc7 52. Rh8 Kg6 53. Rg8+ Rg7 54. Ra8 Kg5 55. Ra5+ f5 56. f4+ gxf3+ 57. Kxf3 Rb7 58. Ra3 Rb4 59. Rc3 Ra4 60. Rb3 Rc4 61. Ra3 h4 62. gxh4+ Rxh4 1/2-1/2


[Site "https://www.chess.com"]

[Event "Titled Tuesday Blitz September 20 Late 2022"]
[White "Navarrete Mendez, Gonzalo Alberto"]
[Black "Hansen, Eric"]
[WhiteFideId "5106850"]
[BlackFideId "2606771"]
[WhiteElo "2682"]
[BlackElo "2885"]
[Result "0-1"]
[Round "11"]
[TimeControl "180+1"]
[Date "2022.09.20"]
[WhiteClock "0:00:48"]
[BlackClock "0:00:15"]

1. e4 c5 2. Nf3 e6 3. Nc3 a6 4. d4 cxd4 5. Nxd4 Qc7 6. Bd3 Nf6 7. Qe2 d6 8. Bg5 Be7 9. O-O-O b5 10. Nf5 exf5 11. Bxf6 Bxf6 12. Nd5 Qd8 13. exf5+ Kf8 14. Be4 Ra7 15. Qe3 Rd7 16. Nxf6 Qxf6 17. Qb6 Bb7 18. Bxb7 g6 19. Kb1 Kg7 20. fxg6 hxg6 21. Bf3 Rh4 22. Qxb8 a5 23. h3 Rb4 24. b3 a4 25. Rd3 d5 26. Rhd1 Re7 27. Qc8 axb3 28. axb3 Rc4 29. bxc4 Ra7 30. Rd4 bxc4 31. Bxd5 Qb6+ 32. Kc1 Ra1+ 33. Kd2 Qxd4+ 34. Ke2 Qxd1+ 0-1


[Site "https://www.chess.com"]

[Event "Titled Tuesday Blitz September 20 Late 2022"]
[White "Noboa Silva, Kevin"]
[Black "Souleidis, Georgios"]
[WhiteFideId "3618471"]
[BlackFideId "4206827"]
[WhiteElo "2172"]
[BlackElo "2401"]
[Result "1-0"]
[Round "11"]
[TimeControl "180+1"]
[Date "2022.09.20"]
[WhiteClock "0:00:02"]
[BlackClock "0:00:02"]

1. d4 Nf6 2. c4 g6 3. Nc3 Bg7 4. e4 d6 5. h3 O-O 6. Bg5 c5 7. d5 e6 8. Bd3 exd5 9. cxd5 Re8 10. Nf3 Bd7 11. a4 Na6 12. O-O Nb4 13. Bb1 a6 14. a5 b5 15. axb6 Qxb6 16. Re1 a5 17. e5 dxe5 18. Nxe5 Bb5 19. d6 Rad8 20. Nxb5 Qxb5 21. Ba2 Nxa2 22. Rxa2 Re6 23. d7 h6 24. Bh4 g5 25. Bg3 Nxd7 26. Nf3 Rxe1+ 27. Qxe1 Nf8 28. Qxa5 Rd1+ 29. Kh2 Qf1 30. Bb8 Qxf2 31. b4 Qe3 32. Qxc5 Qxc5 33. bxc5 Rc1 34. Bd6 Ne6 35. Ra8+ Kh7 36. Rc8 Kg6 37. g4 Rc2+ 38. Kg3 Nd4 39. Nxd4 Bxd4 40. c6 Kf6 41. c7 1-0


[Site "https://www.chess.com"]

[Event "Titled Tuesday Blitz September 20 Late 2022"]
[White "Pakleza, Zbigniew"]
[Black "Zhigalko, Sergei"]
[WhiteFideId "1119290"]
[BlackFideId "13502956"]
[WhiteElo "2820"]
[BlackElo "2915"]
[Result "0-1"]
[Round "11"]
[TimeControl "180+1"]
[Date "2022.09.20"]
[WhiteClock "0:00:11"]
[BlackClock "0:00:05"]

1. d4 Nf6 2. Nf3 e6 3. Bf4 b6 4. e3 Bb7 5. h3 Bd6 6. Bxd6 cxd6 7. Be2 O-O 8. O-O d5 9. Nbd2 d6 10. c4 dxc4 11. Nxc4 Nc6 12. Qb3 Qe7 13. Qa3 Rfd8 14. Rfc1 Nd5 15. e4 Nf4 16. Bf1 b5 17. Ncd2 a6 18. Qe3 Ng6 19. a4 b4 20. a5 h6 21. Nc4 d5 22. exd5 exd5 23. Nb6 Ra7 24. Rc5 Qd6 25. Rac1 Nxa5 26. Na4 Nc4 27. Bxc4 dxc4 28. R5xc4 Nf4 29. Nc5 Bd5 30. Rxb4 Re7 31. Ne5 Nxg2 32. Qg3 Qf6 33. Ncd3 Nh4 34. Rc5 Nf5 35. Qg4 Be6 36. Qf4 g5 37. Qh2 Nxd4 38. Kf1 Nf5 39. Nc6 Ree8 40. Nxd8 Rxd8 41. Qe5 Qe7 42. Rc3 Qd6 43. Qxd6 Rxd6 44. Rb8+ Kg7 45. Ne5 Nd4 46. Nf3 Bxh3+ 47. Ke1 Re6+ 48. Kd2 Nf5 49. Rb7 Rd6+ 50. Rd3 Rf6 51. Ne5 Nd6 52. Nd7 Nxb7 53. Nxf6 Kxf6 54. Rd7 Nc5 55. Rd6+ Be6 56. Rc6 Ne4+ 57. Ke2 g4 58. Ke3 Ng5 59. Rxa6 h5 60. Kf4 Nh3+ 61. Kg3 Kg5 62. b4 h4+ 63. Kh2 Nxf2 64. b5 g3+ 65. Kg1 h3 66. b6 h2+ 67. Kg2 h1=Q+ 68. Kxg3 Ne4# 0-1


[Site "https://www.chess.com"]

[Event "Titled Tuesday Blitz September 20 Late 2022"]
[White "Panarin, Mikhail"]
[Black "Fernandez De La Vara, Arnaldo"]
[WhiteFideId "4153251"]
[BlackFideId "3518388"]
[WhiteElo "2863"]
[BlackElo "2647"]
[Result "0-1"]
[Round "11"]
[TimeControl "180+1"]
[Date "2022.09.20"]
[WhiteClock "0:00:38"]
[BlackClock "0:00:18"]

1. e4 c5 2. Nf3 e6 3. d4 cxd4 4. Nxd4 a6 5. Nc3 Qc7 6. Bd3 Nf6 7. Qe2 d6 8. O-O Nbd7 9. Bd2 b5 10. a4 b4 11. Na2 d5 12. Bxb4 dxe4 13. Bxe4 Nxe4 14. Qxe4 Bb7 15. Nxe6 fxe6 16. Qxe6+ Kd8 17. Rad1 a5 18. Bxf8 Rxf8 19. Rfe1 Qc6 20. Qh3 Kc7 21. Nc3 Rae8 22. Nb5+ Kb6 23. Re3 Qxc2 24. Re6+ Rxe6 25. Qxe6+ Bc6 26. Qe3+ Qc5 27. Nd4 Bxa4 28. Rc1 Re8 29. Qxe8 Qxc1+ 0-1


[Site "https://www.chess.com"]

[Event "Titled Tuesday Blitz September 20 Late 2022"]
[White "Paravyan, David"]
[Black "Ceres, Dragos"]
[WhiteFideId "4194985"]
[BlackFideId "13905864"]
[WhiteElo "2915"]
[BlackElo "2773"]
[Result "0-1"]
[Round "11"]
[TimeControl "180+1"]
[Date "2022.09.20"]
[WhiteClock "0:00:01"]
[BlackClock "0:00:12"]

1. d4 Nf6 2. c4 b6 3. Nc3 Bb7 4. Qd3 d5 5. cxd5 Nxd5 6. Bg5 Nxc3 7. Qxc3 h6 8. Bh4 Qd7 9. Nf3 Nc6 10. e3 e6 11. a3 Bd6 12. Bb5 a6 13. Ba4 b5 14. Bc2 b4 15. Qd3 bxa3 16. bxa3 a5 17. O-O Ba6 18. Qc3 Bxf1 19. Ba4 Ra6 20. Rxf1 O-O 21. Rc1 Rb8 22. g4 Rbb6 23. Nd2 e5 24. h3 exd4 25. Qd3 Ne5 26. Qxa6 Qxa4 27. Qa8+ Kh7 28. Qe4+ Ng6 29. exd4 Qxa3 30. Re1 Qxh3 31. Nf3 Rb3 32. Re3 Rxe3 33. fxe3 a4 34. Bf2 a3 35. Ne5 Bxe5 36. dxe5 a2 37. Qa4 a1=Q+ 38. Qxa1 Qxg4+ 39. Kf1 Qc4+ 40. Kg1 Qe4 41. Bg3 Qxe3+ 42. Kh2 h5 43. Qd1 h4 44. Be1 Qxe5+ 45. Kh1 Qe4+ 46. Kh2 Qf4+ 47. Kh1 Qf5 48. Bd2 Nf4 49. Bxf4 Qxf4 50. Qh5+ Qh6 51. Qb5 c6 52. Qf5+ Qg6 53. Qf4 Qe6 54. Qb4 Qd5+ 55. Kh2 g6 56. Qb8 c5 57. Qc7 c4 58. Kh3 Kg7 59. Kxh4 Qd4+ 60. Kg5 c3 0-1


[Site "https://www.chess.com"]

[Event "Titled Tuesday Blitz September 20 Late 2022"]
[White "Pham, Khoi"]
[Black "Rustemov, Alexander"]
[WhiteFideId "1054988"]
[BlackFideId "4119002"]
[WhiteElo "2428"]
[BlackElo "2828"]
[Result "1-0"]
[Round "11"]
[TimeControl "180+1"]
[Date "2022.09.20"]
[WhiteClock "0:00:45"]
[BlackClock "0:00:12"]

1. e4 e6 2. d4 d5 3. Bd3 dxe4 4. Bxe4 Nf6 5. Bf3 Be7 6. Ne2 O-O 7. O-O Nbd7 8. Bf4 Bd6 9. Bxd6 cxd6 10. Nbc3 a6 11. Ng3 Qc7 12. Re1 Rb8 13. Qd2 b5 14. Rad1 Bb7 15. Bxb7 Rxb7 16. Nce4 Rc8 17. Nxf6+ Nxf6 18. Re2 b4 19. Qf4 Rb6 20. h4 Rc6 21. Rdd2 a5 22. h5 h6 23. Qf3 d5 24. a4 Rc4 25. Qe3 Qd7 26. b3 Rc3 27. Qf4 Qc7 28. Qxc7 R8xc7 29. f3 Kf8 30. Kf2 Ne8 31. Nf1 Nd6 32. Ne3 R3c6 33. Nd1 Nf5 34. g4 Ne7 35. Nb2 Rc3 36. Nd3 Nc6 37. Nb2 Ke7 38. Nd1 Kd6 39. Nxc3 bxc3 40. Rd1 f6 41. f4 Nb4 42. Rde1 Re7 43. Kg3 Nc6 44. Rd1 Nb4 45. g5 f5 46. Kf3 Re8 47. Rg1 Re7 48. gxh6 gxh6 49. Rg6 Nc6 50. Ke3 Rh7 51. Kd3 Nd8 52. Kxc3 Kd7 53. Kd3 Re7 54. Rxh6 Nb7 55. Rg6 Nd6 56. h6 Ne8 57. Rgxe6 Rxe6 58. Rxe6 Kxe6 59. h7 Nd6 60. h8=Q Nc4 61. bxc4 dxc4+ 62. Kxc4 Kd6 63. Qe5+ Kc6 64. Qxf5 Kc7 65. Qe6 Kb7 66. Qf7+ Kb8 67. Kc5 Kc8 68. Kc6 Kb8 69. Qb7# 1-0


[Site "https://www.chess.com"]

[Event "Titled Tuesday Blitz September 20 Late 2022"]
[White "Riehle, Marco"]
[Black "Tari, Aryan"]
[WhiteFideId "12904392"]
[BlackFideId "1510045"]
[WhiteElo "2714"]
[BlackElo "2897"]
[Result "1-0"]
[Round "11"]
[TimeControl "180+1"]
[Date "2022.09.20"]
[WhiteClock "0:00:54"]
[BlackClock "0:00:02"]

1. e4 e5 2. Nf3 Nc6 3. Bc4 Nf6 4. d4 exd4 5. O-O Nxe4 6. Nc3 Nxc3 7. bxc3 Be7 8. Re1 d5 9. Bd3 O-O 10. cxd4 Bg4 11. c3 Bd6 12. h3 Bh5 13. g4 Bg6 14. Ne5 Bxe5 15. dxe5 Qh4 16. Kg2 Rae8 17. Bf4 d4 18. cxd4 Rd8 19. Bxg6 Rxd4 20. Qf3 fxg6 21. Qb3+ Kh8 22. Bg3 Qd8 23. Qxb7 Qd5+ 24. Kg1 Rb4 25. Rad1 Qe6 26. Qxc7 Nd4 27. Re3 Rc4 28. Qd6 Qxd6 29. exd6 Nc6 30. d7 Nd8 31. Re8 Kg8 32. Bd6 1-0


[Site "https://www.chess.com"]

[Event "Titled Tuesday Blitz September 20 Late 2022"]
[White "Sernecki, Franciszek"]
[Black "Stoyanov, Tsvetan"]
[WhiteFideId "1169297"]
[BlackFideId "2917173"]
[WhiteElo "2168"]
[BlackElo "2283"]
[Result "0-1"]
[Round "11"]
[TimeControl "180+1"]
[Date "2022.09.20"]
[WhiteClock "0:00:57"]
[BlackClock "0:00:29"]

1. c4 e5 2. Nc3 Bb4 3. Nd5 Be7 4. g3 c6 5. Nxe7 Qxe7 6. Bg2 Nf6 7. e4 c5 8. Ne2 Nc6 9. O-O d6 10. d3 O-O 11. Nc3 Nd4 12. Bg5 Be6 13. f4 h6 14. Bxf6 Qxf6 15. f5 Bd7 16. Nd5 Qg5 17. Kf2 Bc6 18. h4 Qd8 19. f6 Bxd5 20. fxg7 Kxg7 21. cxd5 f5 22. Kg1 f4 23. gxf4 Qxh4 24. fxe5 dxe5 25. Qe1 Qg4 26. Qd2 Ne2+ 27. Kh2 Qg3+ 28. Kh1 Qh4+ 0-1


[Site "https://www.chess.com"]